 Dungeon Crawl Stone Soup version 0.16.2-2-g470672f (webtiles) character file.

23606 dvd the Unseen (level 12, -9/55 HPs)
             Began as a Spriggan Enchanter on Sept 3, 2015.
             Was an Initiate of Gozag.
             Mangled by an eight-headed hydra (12 damage)
             ... on level 4 of the Lair of Beasts on Sept 4, 2015.
             The game lasted 02:32:06 (19419 turns).

dvd the Unseen (Spriggan Enchanter)                Turns: 19419, Time: 02:32:07

Health: -9/55      AC:  5    Str:  4    XL:     12   Next: 73%
Magic:  35/44      EV: 23    Int: 22    God:    Gozag
Gold:   1829       SH:  0    Dex: 16    Spells: 6 memorised, 22 levels left

rFire  + . .     SeeInvis +     B - +4 short sword (holy)
rCold  + . .     Clarity  .     N - +2 robe {rC+ rF+}
rNeg   . . .     SustAb   .     (shield restricted)
rPois  .         Gourm    .     (helmet restricted)
rElec  .         Spirit   .     u - +0 cloak
rCorr  .         Warding  .     (gloves unavailable)
rMut   .         Stasis   .     (boots unavailable)
MR     ++...                    h - amulet of faith
Stlth  ++++++++..               (no ring)
                                b - ring of magical power

@: about to teleport, very slightly contaminated, repel missiles, very quick,
very resistant to hostile enchantments, extraordinarily stealthy
A: unfitting armour, see invisible, herbivore 3, speed 3, slow metabolism 2
a: Potion Petition, Call Merchant, Bribe Branch, Renounce Religion


You were on level 4 of the Lair of Beasts.
You worshipped Gozag.
Gozag was noncommittal.
You were full.

You visited 3 branches of the dungeon, and saw 16 of its levels.
You also visited: Ossuary and Bailey.

You collected 3855 gold pieces.
You paid 2026 gold pieces to Gozag.

Inventory:

Hand weapons
 n - a +1 short sword of freezing
 B - a +4 short sword of holy wrath (weapon)
 Q - a +0 long sword of flaming
Missiles
 E - 8 tomahawks of returning (quivered)
Armour
 m - a +2 robe of magic resistance
 u - a +0 cloak (worn)
 M - the +0 robe of Altruism {Int+2}
   (You found it on level 2 of the Lair of Beasts)

   It affects your intelligence (+2).
 N - a +2 robe of resistance (worn)
Magical staves
 O - an uncursed staff of air
Jewellery
 b - a ring of magical power (left hand)
 h - an amulet of faith (around neck)
 X - an uncursed ring of protection from cold {unknown}
Magical devices
 p - a wand of confusion (27)
 q - a wand of cold (6)
 t - a wand of heal wounds (9)
 v - a wand of disintegration (9)
 w - a wand of flame (13)
 x - a wand of polymorph (14)
 K - a wand of digging (14)
 L - a wand of lightning (5)
 P - a wand of fireball (1)
Scrolls
 e - a scroll of remove curse
 i - a scroll of amnesia
 k - 2 scrolls of identify
 y - 10 scrolls of teleportation
 A - a scroll of magic mapping
 C - 2 scrolls of recharging
 G - 3 scrolls of blinking
 W - a scroll of fog
Potions
 a - a potion of berserk rage
 f - 3 potions of cure mutation
 g - 2 potions of haste
 l - a potion of ambrosia
 o - a potion of restore abilities
 r - 5 potions of agility
 z - a potion of lignification
 I - a potion of brilliance
 T - a potion of curing
 V - a potion of might
Books
 c - a book of Maledictions

   Spells                             Type                      Level
   a - Corona                         Hexes                        1
   b - Sure Blade                     Hexes/Charms                 2
   c - Ensorcelled Hibernation        Hexes/Ice                    2
   d - Confuse                        Hexes                        3
   e - Dazzling Spray                 Conjuration/Hexes            3
   f - Enslavement                    Hexes                        4
 j - a book of Minor Magic

   Spells                             Type                      Level
   a - Magic Dart                     Conjuration                  1
   b - Blink                          Translocation                2
   c - Call Imp                       Summoning                    2
   d - Repel Missiles                 Charms/Air                   2
   e - Slow                           Hexes                        2
   f - Conjure Flame                  Conjuration/Fire             3
   g - Mephitic Cloud                 Conjuration/Poison/Air       3
 F - a book of Clouds

   Spells                             Type                      Level
   a - Mephitic Cloud                 Conjuration/Poison/Air       3
   b - Conjure Flame                  Conjuration/Fire             3
   c - Poisonous Cloud                Conjuration/Poison/Air       6
   d - Freezing Cloud                 Conjuration/Ice/Air          6
   e - Ring of Flames                 Charms/Fire                  7
 S - a book of the Warp

   Spells                             Type                      Level
   a - Recall                         Summoning/Translocation      3
   b - Control Teleport               Charms/Translocation         4
   c - Force Lance                    Conjuration/Translocation    4
   d - Phase Shift                    Translocation                5
   e - Warp Weapon                    Charms/Translocation         5
   f - Gell's Gravitas                Hexes/Translocation          5
   g - Summon Forest                  Summoning/Translocation      5
Miscellaneous
 D - a plain deck of wonders {Placid Magic, drawn: 1}
 H - a fan of gales
 U - a plain deck of changes {the Mercenary}
Comestibles
 d - 9 bread rations
 s - 4 slices of pizza
 J - 2 royal jellies
 R - 3 fruits


   Skills:
 + Level 2.3 Fighting
 + Level 5.2 Short Blades
 + Level 1.6 Throwing
 + Level 8.3 Dodging
 + Level 17.5 Stealth
 + Level 13.0 Spellcasting
 + Level 11.5 Hexes
 + Level 4.5 Charms
 + Level 1.9 Translocations
 + Level 5.2 Ice Magic
 + Level 0.3 Air Magic
 + Level 1.3 Evocations


You had 22 spell levels left.
You knew the following spells:

 Your Spells              Type           Power        Failure   Level  Hunger
a - Confuse               Hex            ######..     1%          3    None
b - Ensorcelled Hibernat  Hex/Ice        ######       1%          2    None
c - Sure Blade            Hex/Chrm       #####.....   1%          2    None
d - Enslavement           Hex            ######..     1%          4    None
e - Repel Missiles        Chrm/Air       ####..       2%          2    None
f - Blink                 Tloc           N/A          3%          2    None


Dungeon Overview and Level Annotations

Branches:
Dungeon (11/15)            Temple (1/1) D:7            Lair (4/8) D:10
    Orc (0/4) D:9
  Swamp: Lair:3-6    Shoals: Lair:3-6     Snake: Lair:3-6    Spider: Lair:3-6

Altars:
Ashenzari
Cheibriados
Dithmenos
Elyvilon
Fedhas
Gozag
Kikubaaqudgha
Makhleb
Nemelex Xobeh
Okawaru
Qazlal
Ru
Sif Muna
Trog
Vehumet
Xom
Yredelemnul
Zin
The Shining One
Beogh

Shops:
D:5 :   D:6 }   D:10 [   D:13 [   D:14 =

Portals:
Trove: D:10 (give wand of hasting (8))

Annotations:
D:3 Natasha
Lair:4 Fannar


Innate Abilities, Weirdness & Mutations

You are tiny and cannot use many weapons and most armour.
You have supernaturally acute eyesight.
You are a herbivore.
You cover ground extremely quickly.
You need consume almost no food.


Message History

Casting: Blink
Confirm with . or Enter, or press ? or * to list all spells.
You blink.
The wolf barks!
The spriggan shouts!
A spriggan comes into view. It is wielding a dagger.
The spriggan shouts!
An eight-headed hydra comes into view.
The wolf completely misses you. The wolf bites you!
Found a scale mail.
The eight-headed hydra bites you but does no damage.
The eight-headed hydra bites you!
* * * LOW HITPOINT WARNING * * *
The eight-headed hydra closely misses you.
The eight-headed hydra completely misses you.
The eight-headed hydra bites you.
* * * LOW HITPOINT WARNING * * *
The eight-headed hydra completely misses you.
The eight-headed hydra bites you!
You die...
Your body crumbles into a pile of gold.

#..#### ♣♣♣...♣♣
..#######♣ ♣.......♣
..P..##P.♣♣♣♣.......♣♣
....Y......♣.$.......♣
##..Y......Dh...>i...♣
#..P#.##♣♣....h.....♣
#<##### ♣♣.h.i.[.♣
#P.# ♣...hD..♣ ...#
♣♣♣.@.♣♣♣ ...# ♣♣♣♣♣
##P# ###


You could see an eight-headed hydra, a six-headed hydra, a polar bear, 2
spriggans and 3 wolves.

Vanquished Creatures
  Harold (Lair:4)
  3 hydras (Lair:2)
  An unseen horror (D:11)
  A hill giant (D:11)
  2 ugly things (D:11)
  2 elephants (Lair:4)
  8 orc warriors
  A black mamba (Lair:3)
  5 spiny frogs
  The ghost of hannobal the Chopper, an experienced FoFi (D:4)
  The ghost of monobi the Sneak, an experienced OpMo (D:5)
  2 komodo dragons
  A fire drake (Lair:1)
  Grinder (D:4)
  2 two-headed ogres
  10 blink frogs
  A troll (D:11)
  2 trapdoor spider zombies
  A trapdoor spider (D:11)
  2 deep elf magi
  2 hungry ghosts
  3 hippogriffs
  24 yaks
  A spriggan (D:7)
  A wyvern (D:9)
  3 wolves (Lair:3)
  7 water moccasins
  3 ice beasts
  A sky beast (D:9)
  3 porcupines
  4 centaurs
  6 crocodiles
  7 ogres
  A wasp (D:8)
  2 phantoms
  2 black bears
  Sigmund (D:4)
  5 giant frogs
  5 big kobolds
  A gnoll sergeant (D:9)
  14 killer bees
  8 scorpions
  An electric eel (Lair:1)
  The ghost of monobi the Insei, a weakling DsMo (D:3)
  7 wights
  A quasit (D:8)
  3 goliath beetles
  2 centaur zombies
  6 crimson imps
  A gnoll shaman (D:8)
  4 jellies
  7 hounds
  3 orc priests
  2 giant frog skeletons
  6 iguanas
  3 orc wizards
  Natasha (D:3)
  A centaur skeleton (D:6)
  5 worker ants
  8 sheep (Lair:2)
  A worker ant zombie (D:11)
  A mummy (D:9)
  Robin (D:2)
  6 gnolls
  16 river rats
  11 adders
  2 shadow imps
  4 giant mites
  2 worms (D:3)
  5 giant geckos
  An ooze (D:4)
  28 orcs
  6 giant cockroaches
  19 goblins
  22 hobgoblins
  6 jackals
  42 kobolds
  12 quokkas
  18 bats
  5 giant newts
  12 rats
  6 plants (D:8)
440 creatures vanquished.

Vanquished Creatures (collateral kills)
  2 wolves (Lair:3)
  An ogre (D:8)
  An orc warrior (D:8)
  A hound (Lair:3)
  A gnoll shaman (D:8)
  8 gnolls
  An orc (D:8)
15 creatures vanquished.

Vanquished Creatures (others)
  A killer bee (D:11)
  3 gnolls
  A shadow imp (D:5)
  6 fungi
11 creatures vanquished.

Grand Total: 466 creatures vanquished

Notes
Turn   | Place    | Note
--------------------------------------------------------------
     0 | D:1      | dvd, the Spriggan Enchanter, began the quest for the Orb.
     0 | D:1      | Reached XP level 1. HP: 9/9 MP: 4/4
   348 | D:1      | Reached XP level 2. HP: 10/13 MP: 4/8
   394 | D:1      | Learned a level 2 spell: Ensorcelled Hibernation
   397 | D:1      | Learned a level 2 spell: Sure Blade
  1123 | D:2      | Reached XP level 3. HP: 17/17 MP: 11/11
  1170 | D:2      | Reached skill level 5 in Stealth
  1974 | D:2      | Found an opulent altar of Gozag.
  1976 | D:2      | Found a glowing golden altar of the Shining One.
  1979 | D:2      | Found a glowing silver altar of Zin.
  1994 | D:2      | Became a worshipper of Gozag Ym Sagoz the Greedy
  2043 | D:2      | Noticed Robin
  2048 | D:2      | Reached XP level 4. HP: 19/21 MP: 9/13
  2051 | D:2      | Killed Robin
  2364 | D:2      | Learned a level 3 spell: Confuse
  2488 | D:2      | Gained mutation: Your magical capacity is low (-10% MP). [potion of mutation]
  2488 | D:2      | Gained mutation: You are surrounded by a mild repulsion field (EV +2). [potion of mutation]
  2489 | D:2      | Gained mutation: Your flesh is heat resistant. [potion of beneficial mutation]
  2618 | D:3      | Noticed Natasha
  2626 | D:3      | Killed Natasha
  2626 | D:3      | Reached skill level 6 in Stealth
  2626 | D:3      | Reached XP level 5. HP: 25/25 MP: 8/16
  2638 | D:3      | Reached skill level 1 in Fighting
  2749 | D:3      | Lost mutation: Your magical capacity is low (-10% MP). [potion of cure mutation]
  2749 | D:3      | Lost mutation: You are surrounded by a mild repulsion field (EV +2). [potion of cure mutation]
  2749 | D:3      | Lost mutation: Your flesh is heat resistant. [potion of cure mutation]
  2780 | D:3      | Reached skill level 1 in Ice Magic
  3101 | D:3      | Noticed monobi's ghost (weakling DsMo)
  3133 | D:3      | Killed monobi's ghost
  3337 | D:3      | Noticed Natasha
  3493 | D:4      | Noticed hannobal's ghost (experienced FoFi)
  3561 | D:4      | Noticed Sigmund
  3573 | D:4      | Killed Sigmund
  3573 | D:4      | Reached XP level 6. HP: 30/30 MP: 15/20
  3935 | D:4      | Found a sand-covered staircase.
  3940 | Ossuary  | Entered an ossuary
  3953 | Ossuary  | Noticed dearth's ghost (experienced MiFi)
  4003 | D:4      | Reached skill level 7 in Stealth
  4054 | D:4      | Noticed Grinder
  4075 | D:4      | Killed Grinder
  4075 | D:4      | Reached skill level 5 in Spellcasting
  4075 | D:4      | Reached skill level 5 in Hexes
  4075 | D:4      | Reached XP level 7. HP: 24/33 MP: 12/22
  4407 | D:4      | Reached skill level 8 in Stealth
  4407 | D:4      | Reached skill level 1 in Charms
  4640 | D:5      | Entered Level 5 of the Dungeon
  4653 | D:5      | Learned a level 4 spell: Enslavement
  4671 | D:5      | Found Cra Souf's Book Shoppe.
  4707 | D:5      | Noticed monobi's ghost (experienced OpMo)
  4717 | D:5      | HP: 1/33 [poisoned by a worker ant]
  5123 | D:5      | Found a glowing silver altar of Zin.
  5253 | D:5      | Killed monobi's ghost
  5253 | D:5      | Reached skill level 5 in Dodging
  5253 | D:5      | Reached skill level 9 in Stealth
  5253 | D:5      | Reached XP level 8. HP: 37/37 MP: 25/25
  5777 | D:4      | Killed hannobal's ghost
  5777 | D:4      | Reached skill level 10 in Stealth
  6680 | D:6      | Found Lude's Gadget Shoppe.
  6987 | D:6      | Found a bloodstained altar of Trog.
  7185 | D:7      | Reached skill level 11 in Stealth
  7205 | D:6      | Reached XP level 9. HP: 41/41 MP: 28/28
  7539 | D:7      | Found a staircase to the Ecumenical Temple.
  7550 | Temple   | Entered the Ecumenical Temple
  8837 | D:8      | HP: 2/41 [gnoll/halberd of venom (8)]
  8852 | D:8      | Reached skill level 12 in Stealth
  9265 | D:8      | Learned a level 2 spell: Repel Missiles
  9268 | D:8      | Learned a level 2 spell: Blink
  9305 | D:8      | Found a flagged portal.
  9328 | Bailey   | Entered a bailey
  9480 | Bailey   | Found a burning altar of Makhleb.
  9525 | Bailey   | Reached XP level 10. HP: 46/46 MP: 21/31
  9941 | D:8      | Found a shattered altar of Ashenzari.
  9943 | D:8      | Found a white marble altar of Elyvilon.
  9944 | D:8      | Found a burning altar of Makhleb.
 10983 | D:9      | Reached skill level 13 in Stealth
 11062 | D:9      | Reached skill level 10 in Spellcasting
 11621 | D:9      | Found a staircase to the Orcish Mines.
 11704 | D:9      | Found a roughly hewn altar of Beogh.
 12699 | D:10     | Entered Level 10 of the Dungeon
 12720 | D:10     | Found Pecyptez's Armour Shoppe.
 12810 | D:10     | Found a staircase to the Lair.
 12998 | D:10     | Reached skill level 14 in Stealth
 14219 | D:10     | Found a portal to a secret trove of treasure.
 14331 | D:11     | Noticed an unseen horror
 14339 | D:11     | Killed an unseen horror
 14353 | D:11     | Reached XP level 11. HP: 48/50 MP: 32/32
 14932 | D:11     | Noticed a cyan ugly thing
 14932 | D:11     | Noticed a brown ugly thing
 14952 | D:11     | Killed a cyan ugly thing
 14952 | D:11     | Reached skill level 10 in Hexes
 14975 | D:11     | Killed a brown ugly thing
 14975 | D:11     | Reached skill level 1 in Evocations
 15206 | D:11     | Noticed a hill giant
 15227 | D:11     | Killed a hill giant
 15227 | D:11     | Reached skill level 15 in Stealth
 15470 | D:11     | Noticed a hill giant
 15500 | D:11     | Noticed a cyclops
 15846 | Lair:1   | Entered Level 1 of the Lair of Beasts
 16722 | Lair:2   | Noticed a four-headed hydra
 16746 | Lair:2   | Killed a four-headed hydra
 16746 | Lair:2   | Reached skill level 5 in Short Blades
 16746 | Lair:2   | Reached skill level 16 in Stealth
 17022 | Lair:2   | Reached XP level 12. HP: 54/54 MP: 35/35
 17247 | Lair:2   | Noticed a six-headed hydra
 17265 | Lair:2   | Killed a six-headed hydra
 17425 | Lair:2   | Reached skill level 1 in Translocations
 17478 | Lair:2   | Noticed a five-headed hydra
 17484 | Lair:2   | Killed a five-headed hydra
 18021 | Lair:2   | Got a slimy robe
 18032 | Lair:2   | Identified the +0 robe of Altruism {Int+2} (You found it on level 2 of the Lair of Beasts)
 18304 | Lair:3   | Reached skill level 5 in Ice Magic
 18867 | Lair:3   | Reached skill level 17 in Stealth
 19108 | Lair:4   | Noticed Harold
 19117 | Lair:4   | Killed Harold
 19121 | Lair:4   | Noticed an eight-headed hydra
 19131 | Lair:4   | Noticed a four-headed hydra
 19204 | Lair:4   | Reached skill level 1 in Throwing
 19243 | Lair:4   | Noticed Fannar
 19399 | Lair:4   | Noticed a six-headed hydra
 19418 | Lair:4   | Noticed an eight-headed hydra
 19419 | Lair:4   | Mangled by an eight-headed hydra

Action                   |  1- 3 |  4- 6 |  7- 9 | 10-12 || total
-------------------------+-------+-------+-------+-------++-------
Melee: Dagger            |    96 |   142 |    46 |       ||   284
       Short sword       |       |       |   306 |   764 ||  1070
       Staff             |       |       |       |     2 ||     2
Throw: Tomahawk          |       |       |       |    34 ||    34
 Cast: Corona            |     8 |       |       |       ||     8
       Ensorcelled Hiber |    26 |    33 |    84 |   218 ||   361
       Sure Blade        |     6 |    14 |    30 |    40 ||    90
       Confuse           |       |     8 |    25 |    59 ||    92
       Enslavement       |       |       |     5 |     7 ||    12
       Repel Missiles    |       |       |     1 |     2 ||     3
       Blink             |       |       |       |    24 ||    24
Invok: Potion Petition   |       |     1 |       |       ||     1
       Call Merchant     |       |       |       |     3 ||     3
Evoke: Wand              |       |       |    15 |    13 ||    28
       Deck              |       |       |       |     1 ||     1
  Use: Scroll            |       |    10 |     9 |    18 ||    37
       Potion            |       |     7 |     8 |     3 ||    18
 Stab: Sleeping          |    25 |    31 |    70 |   177 ||   303
       Distracted        |       |     1 |     1 |     1 ||     3
       Confused          |       |     6 |    21 |    34 ||    61
  Eat: Royal jelly       |     1 |       |       |       ||     1
       Bread ration      |       |     1 |     1 |     2 ||     4
